 Dungeon Crawl Stone Soup version 0.22-a0-224-g8cf3520 (webtiles) character file.

55 packetloss the Charlatan (level 4, 0/32 HPs)
             Began as a Human Artificer on Feb 20, 2018.
             Was an Initiate of Nemelex Xobeh.
             Succumbed to an adder's poison
             ... on level 2 of the Dungeon.
             The game lasted 00:04:05 (1433 turns).

packetloss the Charlatan (Human Artificer)          Turns: 1433, Time: 00:04:06

Health: 0/32       AC:  8    Str: 15    XL:     4   Next: 14%
Magic:  6/6        EV: 12    Int: 16    God:    Nemelex Xobeh [......]
Gold:   68         SH:  0    Dex: 14    Spells: 3/3 levels left

rFire    + . .     SeeInvis .   a - +0 short sword
rCold    + . .     Gourm    .   (no shield)
rNeg     . . .     Faith    .   b - +0 leather armour
rPois    .         Spirit   .   (no helmet)
rElec    .         Reflect  .   (no cloak)
rCorr    .         Harm     .   (no gloves)
MR       .....                  (no boots)
Stlth    ++........             (no amulet)
HPRegen  0.10/turn              i - ring of protection from cold {rC+, !d}
MPRegen  0.10/turn              o - +5 ring of protection

@: brilliant, lethally poisoned (0 -> -4)
A: claws 1, fire resistance 1, strong 1
a: Renounce Religion


You were on level 2 of the Dungeon.
You worshipped Nemelex Xobeh.
Nemelex Xobeh was noncommittal.
You were not hungry.

You visited 1 branch of the dungeon, and saw 3 of its levels.

You collected 68 gold pieces.

Inventory:

Hand Weapons
 a - a +0 short sword (weapon)
 m - a +0 club
   (You took it off a goblin on level 1 of the Dungeon)
 n - a +0 hand axe
   (You found it on level 1 of the Dungeon)
Missiles
 r - 20 arrows
 w - 14 poisoned needles
Armour
 b - a +0 leather armour (worn)
Jewellery
 i - a ring of protection from cold (left claw) {rC+, !d}
   (You found it on level 1 of the Dungeon)
 o - a +5 ring of protection (right claw)
   (You found it on level 1 of the Dungeon)
Wands
 c - a wand of flame (14)
 d - a wand of enslavement (15)
 e - a wand of random effects (15)
Scrolls
 g - 4 scrolls of teleportation {unknown}
 h - 2 scrolls of enchant weapon {unknown}
 j - 3 scrolls of immolation {unknown}
 q - 2 scrolls of amnesia {unknown}
 u - a scroll of magic mapping {unknown}
Potions
 k - a potion of curing {unknown}
 s - a potion of mutation {!q}
 t - a potion of heal wounds {unknown}
Miscellaneous
 v - a plain deck of summoning {drawn: 1}
   (Nemelex Xobeh gifted it to you on level 2 of the Dungeon)
Comestibles
 f - 3 rations
 l - 4 chunks of flesh {@w0}


   Skills:
 + Level 1.3 Fighting
 - Level 1.0 Short Blades
 + Level 1.0 Armour
 + Level 2.6 Dodging
 + Level 1.2 Stealth
 + Level 3.9 Evocations


You had 3 spell levels left.
You didn't know any spells.

Dungeon Overview and Level Annotations

Branches:
Dungeon (3/15)

Altars:
Nemelex Xobeh
Zin


Innate Abilities, Weirdness & Mutations

You have sharp fingernails.
Your flesh is heat resistant. (rF+)
Your muscles are strong. (Str +2)


Message History

Danger x4: orc wizard x3, orc priest!
There is a stone staircase leading up here.
You climb upwards.
There is a stone staircase leading down here.
You now have 59 gold pieces (gained 14).
You now have 68 gold pieces (gained 9).
Nemelex Xobeh grants you a gift! Something appears at your feet!
Found 19 stones.
Found a stone staircase leading down.
v - a plain deck of summoning Unknown command.
You see here 19 stones.
q - 2 scrolls labeled MUMI SOECHONK (gained 1)
g - 4 scrolls labeled LOPIGA AKASULY (gained 1) Some of the chunks of flesh in your inventory have rotted away.
An adder comes into view.
Spoiler Alert: The adder (sleeping) is fast and can poison!
Spoiler Alert: The adder (sleeping) is fast and can poison!
Spoiler Alert: The adder (sleeping) is fast and can poison!
Spoiler Alert: The adder (sleeping) is fast and can poison!
Spoiler Alert: The adder (sleeping) is fast and can poison!
Spoiler Alert: The adder is fast and can poison!
You closely miss the adder. The adder bites you but does no damage.
The adder closely misses you.
You miss the adder. The adder bites you but does no damage.
You barely miss the adder. The adder bites you but does no damage.
The adder barely misses you.
You completely miss the adder. The adder bites you but does no damage.
Spoiler Alert: The adder is fast and can poison!
You closely miss the adder. The adder bites you.
You take 4 damage, and have 28/32 hp.
You closely miss the adder. The adder bites you.
You are poisoned.
The adder poisons you! The adder barely misses you.
You take 4 damage, and have 24/32 hp.
You feel sick.
Spoiler Alert: The adder is fast and can poison!
You take 1 damage, and have 23/32 hp.
You feel sick. The adder barely misses you.
You take 1 damage, and have 22/32 hp.
You feel sick. The adder bites you.
You take 2 damage, and have 20/32 hp.
Aim: an adder The puff of flame misses the adder.
The adder bites you.
You are more poisoned.
The adder poisons you!
Spoiler Alert: The adder is fast and can poison!
You take 1 damage, and have 19/32 hp.
Unknown command.
You draw a card...
It is Foxfire.
You feel sick. The adder barely misses you.
You take 1 damage, and have 18/32 hp.
Unknown command.
Unknown command.
Spoiler Alert: The adder is fast and can poison!
Unknown command.
You miss the adder.
You feel sick. The adder bites you but does no damage.
Your insubstantial wisp hits the adder!
The adder dies!
Your Armour skill increases to level 1!
The insubstantial wisp blinks!
You take 1 damage, and have 17/32 hp.
You feel sick.
Your insubstantial wisp blinks!
You take 1 damage, and have 16/32 hp.
You swap places.
Unknown command.
You feel sick. The insubstantial wisp hits you.
You take 5 damage, and have 11/32 hp.
The insubstantial wisp blinks!
You feel sick. The insubstantial wisp misses you.
You see here 14 poisoned needles.
w - 14 poisoned needles The insubstantial wisp hits you.
* * * LOW HITPOINT WARNING * * *
Your insubstantial wisp blinks!
You take 4 damage, and have 7/32 hp.
You feel sick.
Your insubstantial wisp blinks!
You take 1 damage, and have 6/32 hp.
Your insubstantial wisp blinks!
Your insubstantial wisp thrums sharply.
You are struck by lightning.
* * * LOW HITPOINT WARNING * * *
The lightning arcs!
You take 4 damage, and have 2/32 hp.
There is a lethal amount of poison in your body!
Unknown command.
Unknown command.
It was a potion of mutation.
You feel extremely strange.
You feel stronger.
You feel resistant to heat.
Your fingernails lengthen.
The insubstantial wisp hits you.
* * * LOW HITPOINT WARNING * * *
The insubstantial wisp blinks!
You take 1 damage, and have 1/32 hp.
Unknown command.
It was a potion of brilliance.
You feel clever all of a sudden.
You die...
Your body disappears without a glow.

#.######### #.#
# ###.###
#ยง....#
####.###.#
#...v# #.#
#.##.###.# ##
#.##....v##...##
#.####@.........
#.# ######..v##
#.# .## #.# #.#
#.. ###


You could see an insubstantial wisp and 2 friendly insubstantial wisps.

Vanquished Creatures
  An ooze (D:1)
  A leopard gecko (D:1)
  An orc (D:2)
  3 giant cockroaches (D:1)
  8 goblins
  6 hobgoblins
  A jackal (D:1)
  A quokka (D:2)
  4 bats
  4 frilled lizards
  4 kobolds
  7 rats (D:1)
41 creatures vanquished.

Vanquished Creatures (collateral kills)
  An adder (D:2)
1 creature vanquished.

Grand Total: 42 creatures vanquished

Notes
Turn   | Place    | Note
-------+----------+-------------------------------------------
     0 | D:1      | packetloss the Human Artificer began the quest for the Orb.
     0 | D:1      | Reached XP level 1. HP: 15/15 MP: 3/3
   127 | D:1      | Reached XP level 2. HP: 15/21 MP: 4/4
   308 | D:1      | HP: 5/21 [hobgoblin/club (3)]
   684 | D:1      | Reached XP level 3. HP: 22/26 MP: 5/5
  1253 | D:2      | Reached XP level 4. HP: 31/32 MP: 6/6
  1270 | D:2      | Found a glowing silver altar of Zin.
  1311 | D:2      | Found a sparkling altar of Nemelex Xobeh.
  1320 | D:2      | Became a worshipper of Nemelex Xobeh the Trickster
  1366 | D:2      | Received a gift from Nemelex Xobeh
  1422 | D:2      | Noticed an insubstantial wisp
  1423 | D:2      | Reached skill level 1 in Armour
  1429 | D:2      | HP: 7/32 [insubstantial wisp[the player character] (4)]
  1431 | D:2      | HP: 2/32 [insubstantial wisp/static electricity[the player character] (4)]
  1432 | D:2      | Gained mutation: Your muscles are strong. (Str +2) [potion of mutation]
  1432 | D:2      | Gained mutation: Your flesh is heat resistant. (rF+) [potion of mutation]
  1432 | D:2      | Gained mutation: You have sharp fingernails. [potion of mutation]
  1433 | D:2      | Succumbed to an adder's poison

Vault maps used:
D:1:      minmay_arrival_widening_spiral_wide, minmay_tetromino_l4
D:2:      lemuel_upstairs_altar, old_standard_altar,
          nicolae_overflow_hidden_temple, yredelemnul_altar_generic
D:3:      okawaru_altar_gauntlet_db, first_ration

Skill      XL: |  1  2  3  4 |
---------------+-------------+-----
Armour         | 1 |  1.0
Fighting       | |  1.3
Short Blades   | |  1.0
Dodging        | |  2.6
Stealth        | |  1.2
Evocations     | |  3.9

Action                   |  1- 3 |  4- 6 || total
-------------------------+-------+-------++-------
Melee: Short sword       |   177 |    10 ||   187
Evoke: Wand              |       |     1 ||     1
       Deck              |       |     1 ||     1
  Use: Potion            |       |     2 ||     2
 Stab: Sleeping          |     1 |     1 ||     2
  Eat: Chunk             |     1 |     1 ||     2
Armor: Leather armour    |    54 |     7 ||    61
Dodge: Dodged            |   109 |     8 ||   117

Table legend:
 A = Spawn XP
 B = Non-spawn XP
 C = Spawn XP percentage of total XP
 D = Spawn monster count
 E = Non-spawn monster count
 F = Spawn count percentage of total count
 G = Total turns spent on level
                    A         B        C        D         E        F      G
               +---------+---------+-------+---------+---------+-------+---------
         Total |       0 |      79 |   0.0 |       0 |      42 |   0.0 |  1433
               +---------+---------+-------+---------+---------+-------+---------
           D:1 |       0 |      57 |   0.0 |       0 |      32 |   0.0 |  1166
           D:2 |       0 |      20 |   0.0 |       0 |       9 |   0.0 |   242
           D:3 |       0 |       2 |   0.0 |       0 |       1 |   0.0 |    25
               +---------+---------+-------+---------+---------+-------+---------

Vault maps used:
D:1:      minmay_arrival_widening_spiral_wide, minmay_tetromino_l4
D:2:      lemuel_upstairs_altar, old_standard_altar,
          nicolae_overflow_hidden_temple, yredelemnul_altar_generic
D:3:      okawaru_altar_gauntlet_db, first_ration

Table legend:
 A = Turns spent in this place as a percentage of turns spent in the entire game.
 B = Non-inter-level travel turns spent in this place as a percentage of non-inter-level travel turns spent in the entire game.
 C = Inter-level travel turns spent in this place as a percentage of turns spent in this place.
 D = Turns resting spent in this place as a percentage of non-inter-level travel turns spent in this place.
 E = Turns spent auto-exploring this place as a percentage of non-inter-level travel turns spent in this place.
 F = Non-inter-level travel turns spent in this place divided by the number of levels of this place that you've seen.
                   A       B       C       D       E      F
               +-------+-------+-------+-------+-------+----------------------
         Total | 100.0 | 100.0 |   0.3 |  23.9 |  33.1 | 476.0
       Dungeon | 100.0 | 100.0 |   0.3 |  23.9 |  33.1 | 476.0
               +-------+-------+-------+-------+-------+----------------------

Table legend:
 A = Kills in this place as a percentage of kills in entire the game.
 B = Kills by you in this place as a percentage of kills by you in the entire game.
 C = Kills by friends in this place as a percentage of kills by friends in the entire game.
 D = Other kills in this place as a percentage of other kills in the entire game.
 E = Experience gained in this place as a percentage of experience gained in the entire game.
 F = Experience gained in this place divided by the number of levels of this place that you have seen.
                   A       B       C       D       E      F
               +-------+-------+-------+-------+-------+----------------------
         Total | 100.0 | 100.0 | 100.0 |   N/A | 100.0 |  26.3
       Dungeon | 100.0 | 100.0 | 100.0 |   N/A | 100.0 |  26.3
               +-------+-------+-------+-------+-------+----------------------
